 Dungeon Crawl Stone Soup version 0.28-a0-1504-g839a4452db (webtiles) character file.

Game seed: 11569678517461865551

23 Cheeritup the Chopper (level 2, -1/25 HPs)
             Began as a Palentonga Monk on Jan 13, 2022.
             Slain by a worm (8 damage)
             ... on level 2 of the Dungeon.
             The game lasted 00:02:06 (546 turns).

Cheeritup the Chopper (Palentonga Monk)              Turns: 546, Time: 00:02:06

Health: -1/25      AC:  4    Str: 14    XL:     2   Next: 75%
Magic:  2/2        EV: 10    Int: 10    God:
Gold:   38         SH:  5    Dex: 12    Spells: 1/1 levels left

rFire   . . .      SeeInvis +   a - +0 hand axe
rCold   . . .      Faith    .   (no shield)
rNeg    . . .      Spirit   .   b - +0 robe
rPois   .          Reflect  +   (no helmet)
rElec   .          Harm     .   (no cloak)
rCorr   .          Rampage  .   (no gloves)
Will    .....                   (no barding)
Stlth   ++........              d - amulet of reflection
HPRegen 0.08/turn               (no ring)
MPRegen 0.08/turn               (no ring)

@: no status effects
A: large, rugged brown scales 3, see invisible, deformed body, roll 1, armoured
tail
a: Rolling Charge


You were on level 2 of the Dungeon.
You visited 1 branch of the dungeon, and saw 2 of its levels.

You collected 38 gold pieces.

Inventory:

Hand Weapons
 a - a +0 hand axe (weapon)
Armour
 b - a +0 robe (worn)
Jewellery
 c - an amulet of faith
 d - an amulet of reflection (around neck)
Scrolls
 f - a scroll of immolation {unknown}
Potions
 e - a potion of attraction {unknown}
 g - a potion of flight {unknown}


   Skills:
 + Level 3.5 Fighting
 + Level 3.5 Axes
 - Level 2.4 Dodging
 - Level 1.2 Stealth


You had one spell level left.
You didn't know any spells.
Your spell library contained the following spells:

 Spells                   Type           Power      Damage    Failure   Level
 Static Discharge         Conj/Air       0%         N/A       50%         2
 Dispel Undead            Necr           0%         3d6       98%         4
 Sticky Flame             Conj/Fire      0%         2d3       98%         4


Dungeon Overview and Level Annotations

Branches:
Dungeon (2/15)

Altars:

Shops:
D:1 (


Innate Abilities, Weirdness & Mutations

You are completely covered in rugged brown scales. (AC +3, +7% HP)
You have supernaturally acute eyesight. (SInv)
Armour fits poorly on your strangely shaped body.
You can roll at nearby foes to attack.
You have a long armoured tail.


Message History

The quokka moves out of view.
No target in view!
(D) Dungeon
Where to? (Enter - D:2, ? - help)
What level of the Dungeon? (default 1, ? - help)
You enter the shallow water.
Moving in this stuff is going to be slow.
You enter the shallow water.
Moving in this stuff is going to be slow.
There is a stone staircase leading down here.
You climb downwards.
Found 4 gold pieces and a scroll labelled UNGISKITEE.
There is a stone staircase leading up here.
A worm comes into view.
You see here 4 gold pieces.
There's nothing you can charge at!
You roll forward with a clatter of scales!
You slash the worm! You punch the worm, but do no damage.
The worm is heavily wounded.
You hear an angry hiss.
The worm bites you.
You hit the worm.
The worm is heavily wounded.
You barely miss the worm.
The worm is heavily wounded.
The worm barely misses you.
You hit the worm but do no damage.
The worm is heavily wounded.
An adder comes into view.
The worm bites you!
You hit the worm.
The worm is heavily wounded.
You hit the worm.
The worm is severely wounded.
You block the worm's attack. The adder bites you.
You closely miss the adder. You hit the worm. The adder bites you.
You barely miss the adder. You hit the worm. The adder bites you.
* * * LOW HITPOINT WARNING * * *
The worm bites you!
You die...

###########
#<........#
#.........#
###..$......#
###...........#
..........?...#
....##.........#
........@......#
.......wS......#
.........!.....#
..............#
.......########
......# ......
..##.. .# #..


You could see a worm and an adder.

Vanquished Creatures
  A dart slug (D:1)
  4 bats (D:1)
  An endoplasm (D:1)
  2 goblins (D:1)
  A hobgoblin (D:1)
  3 jackals (D:1)
  2 quokkas (D:1)
  2 ball pythons (D:1)
  2 frilled lizards (D:1)
  A kobold (D:1)
  2 rats (D:1)
21 creatures vanquished.

Notes
Turn   | Place    | Note
-------+----------+-------------------------------------------
     0 | D:1      | Cheeritup the Palentonga Monk began the quest for the Orb.
     0 | D:1      | Reached XP level 1. HP: 19/19 MP: 1/1
    58 | D:1      | Found Saeg's Weapon Shop.
    67 | D:1      | Reached XP level 2. HP: 17/25 MP: 2/2
   546 | D:2      | Slain by a worm

Illustrated notes

Levels and vault maps discovered:
D:1:      lightli_arrival_isolated_outpost, layout_rooms, serial_shops,
          nicolae_shop_bloodbath_and_beyond
D:2:      layout_rooms, serial_shops, nicolae_shop_behind_doors, uniq_robin

Action                   || total
-------------------------++-------
Melee: Hand axe          ||    46
       Tailslap          ||     5
       Punch             ||     1
 Abil: Rolling Charge    ||    15
Armor: Robe              ||    11
Dodge: Dodged            ||    19
Block: Other             ||     6

Table legend: (Time is in decaauts)
 A = Elapsed time spent in this place.
 B = Non-inter-level travel time spent in this place.
 C = Inter-level travel time spent in this place.
 D = Time resting spent in this place.
 E = Time spent auto-exploring this place.
 F = Levels seen in this place.
 G = Mean time per level.
                   A        B        C        D        E       F      G
               +--------+--------+--------+--------+--------+-----+--------+
         Total |    558 |    536 |     22 |      0 |    408 |   2 |  279.0 |
       Dungeon |    558 |    536 |     22 |      0 |    408 |   2 |  279.0 |
               +--------+--------+--------+--------+--------+-----+--------+

Top non-repeatable levels by time:
     D:1: 544 daAuts
     D:2: 13 daAuts
